[Event "Dos Hermanas Internet Tournament:  final knockout stage"]
[Site "Internet Chess Club"]
[Date "2002.03.22"]
[Round "2a"]
[White "Adla"]
[Black "Igrok"]
[Result "1/2-1/2"]
[ICCResult "Game drawn by repetition"]
[WhiteElo "2639"]
[BlackElo "2970"]
[Opening "QGD Slav defense: exchange variation"]
[ECO "D10"]
[NIC "SL.01"]
[Time "16:30:43"]
[TimeControl "480+2"]

1. d4 d5 2. c4 c6 3. cxd5 cxd5 4. Nc3 Nf6 5. Bf4 Nc6 6. e3 a6 7. Nf3 Bg4 8.
Be2 e6 9. O-O Be7 10. Rc1 O-O 11. h3 Bh5 12. Ne5 Bxe2 13. Qxe2 Rc8 14. Rc2
Nxe5 15. Bxe5 Nd7 16. Bg3 Qa5 17. Rfc1 Rc6 18. Nd1 Rfc8 19. Rxc6 Rxc6 20.
Rxc6 bxc6 21. b3 c5 22. dxc5 Nxc5 23. Be5 Ne4 24. f3 Nd6 25. Bc3 Qb6 26. Bd4
Qc6 27. Nf2 Nf5 28. Qd2 f6 29. Nd3 e5 30. Bb2 Qb6 31. Kf2 Bd6 32. g4 Ne7 33.
Bc3 Kf7 34. Ba5 Qb5 35. Bb4 Bxb4 36. Nxb4 a5 37. Nc2 Nc6 38. Qc3 Ke6 39. f4
Kd6 40. a3 Qb6 41. Kf3 Qb5 42. Kf2 Qb6 43. Kf3 Qb5 44. Kf2 Qc5 45. fxe5+
fxe5 46. Qd3 g6 47. Kg3 Ke6 48. Kf2 Kd6 49. Kg3 Ke6 50. Kf2 Qf8+ 51. Kg2 e4
52. Qe2 Qf6 53. b4 axb4 54. Nxb4 Nxb4 55. axb4 Qc3 56. Qa6+ Ke5 57. Qb6 Qd2+
58. Kf1 Qd1+ 59. Kf2 Qd2+ 60. Kf1 Qd1+ 61. Kf2 Qd2+ 62. Kf1 Qd1+ 63. Kf2
Qd2+ 64. Kf1 Qd1+ 65. Kf2 Qd2+ {Game drawn by repetition} 1/2-1/2

[Event "Dos Hermanas Internet Tournament:  final knockout stage"]
[Site "Internet Chess Club"]
[Date "2002.03.22"]
[Round "2b"]
[White "Azmaiparashvili"]
[Black "Sapog"]
[Result "1-0"]
[ICCResult "Black resigns"]
[WhiteElo "3048"]
[BlackElo "2665"]
[Opening "Nimzo-Indian: 4.e3 c5"]
[ECO "E41"]
[NIC "NI.09"]
[Time "16:52:59"]
[TimeControl "480+2"]

1. d4 e6 2. c4 Nf6 3. Nc3 Bb4 4. e3 c5 5. Bd3 O-O 6. Ne2 d5 7. cxd5 exd5 8.
O-O Nc6 9. a3 Bxc3 10. bxc3 c4 11. Bb1 b5 12. f3 Re8 13. Ng3 a5 14. e4 Qb6
15. Bg5 Nd8 16. Kh1 Ra6 17. e5 Nd7 18. f4 Nf8 19. f5 b4 20. axb4 axb4 21.
Rxa6 Bxa6 22. Nh5 bxc3 23. Nxg7 Kxg7 24. Bf6+ Kg8 25. Qg4+ Ng6 26. fxg6 fxg6
27. Bxg6 {Black resigns} 1-0

[Event "Dos Hermanas Internet Tournament:  final knockout stage"]
[Site "Internet Chess Club"]
[Date "2002.03.22"]
[Round "2b"]
[White "Olegas"]
[Black "Champbuster"]
[Result "1-0"]
[ICCResult "Black resigns"]
[WhiteElo "2566"]
[BlackElo "2849"]
[Opening "Réti opening"]
[ECO "A13"]
[NIC "QP.11"]
[Time "16:52:52"]
[TimeControl "480+2"]

1. Nf3 e6 2. c4 c5 3. Nc3 b6 4. g3 Bb7 5. Bg2 Nf6 6. O-O d6 7. d4 cxd4 8.
Qxd4 Be7 9. Bg5 a6 10. Rfd1 Nbd7 11. Qd2 O-O 12. Bf4 Ne8 13. Ng5 Bxg2 14.
Kxg2 Rc8 15. b3 b5 16. cxb5 axb5 17. Nxb5 Rc5 18. Nxd6 Nxd6 19. Bxd6 Bxg5
20. Qe1 Qa8+ 21. Kg1 Rfc8 22. Bxc5 Nxc5 23. h4 Bf6 24. Rac1 Be7 25. b4 Ne4
26. Rxc8+ Qxc8 27. a3 g6 28. Rd3 Bf6 29. Kg2 Kg7 30. f3 Nc3 31. Qc1 Qc4 32.
Qc2 Bd4 33. b5 Qc5 34. b6 Be5 35. b7 Qc7 36. a4 f5 37. Re3 Nd5 38. Qxc7+
Bxc7 39. Rxe6 Kf7 40. Rc6 Be5 41. Rc5 Ke6 42. e4 fxe4 43. fxe4 {Black
resigns} 1-0

[Event "Dos Hermanas Internet Tournament:  final knockout stage"]
[Site "Internet Chess Club"]
[Date "2002.03.22"]
[Round "2b"]
[White "Crest"]
[Black "panagulis"]
[Result "1-0"]
[ICCResult "Black resigns"]
[WhiteElo "3104"]
[BlackElo "3029"]
[Opening "QGD semi-Slav"]
[ECO "D43"]
[NIC "SL.03"]
[Time "16:53:07"]
[TimeControl "480+2"]

1. d4 d5 2. c4 c6 3. Nf3 Nf6 4. Nc3 e6 5. cxd5 exd5 6. Bg5 Be7 7. Qc2 g6 8.
e4 dxe4 9. Bxf6 Bxf6 10. Qxe4+ Qe7 11. Bc4 O-O 12. O-O Bf5 13. Qxe7 Bxe7 14.
Rfe1 Bf6 15. h3 h5 16. Ne5 Nd7 17. Ne4 Bxe5 18. dxe5 Nxe5 19. Nf6+ Kg7 20.
Nxh5+ gxh5 21. Rxe5 Kf6 22. Rae1 Rad8 23. a3 Rd2 24. b4 Rd4 25. Bb3 Rfd8 26.
Bxf7 h4 27. Be6 Bg6 28. Bg4 R4d6 29. Re6+ Rxe6 30. Rxe6+ Kf7 31. Re3 Rd2 32.
g3 hxg3 33. fxg3 Kf6 34. Bc8 b6 35. h4 Bf7 36. g4 Bd5 37. Bf5 Rg2+ 38. Kf1
Rh2 39. h5 Kg5 40. Re7 Kf4 41. Ke1 Bf3 42. Bc8 c5 43. bxc5 bxc5 44. Bb7 Bxg4
45. Re4+ Kg3 46. Re3+ Kh4 47. h6 Kg5 48. Re5+ Kf4 49. Re4+ Kf5 50. Rc4 Rxh6
51. Bc8+ Ke5 52. Bxg4 Kd5 53. Be2 Rh1+ 54. Kd2 Rh2 55. Rf4 c4 56. Ke3 c3 57.
Rd4+ Ke5 58. Rc4 Rh3+ 59. Bf3 {Black resigns} 1-0

[Event "Dos Hermanas Internet Tournament:  final knockout stage"]
[Site "Internet Chess Club"]
[Date "2002.03.22"]
[Round "2b"]
[White "D-Fridman"]
[Black "Digo"]
[Result "1/2-1/2"]
[ICCResult "Game drawn by mutual agreement"]
[WhiteElo "3005"]
[BlackElo "2963"]
[Opening "QGA: classical, 6...a6"]
[ECO "D27"]
[NIC "QG.07"]
[Time "16:52:53"]
[TimeControl "480+2"]

1. Nf3 d5 2. c4 dxc4 3. e3 Nf6 4. Bxc4 e6 5. d4 c5 6. O-O a6 7. Bd3 Nc6 8.
Nc3 Qc7 9. h3 Be7 10. a3 cxd4 11. exd4 O-O 12. Qe2 b5 13. Bg5 Bb7 14. Rac1
Rfd8 15. Ne4 Nd5 16. Bb1 Rac8 17. Nc5 Bxg5 18. Nxg5 Nf6 19. Ncxe6 Qe7 20.
Nf4 Qxe2 21. Nxe2 Nxd4 22. Nxd4 Rxd4 23. Rxc8+ Bxc8 24. Rc1 Be6 25. Nxe6
fxe6 26. Ba2 Rd6 27. Kf1 Nd7 28. Ke2 Kf7 29. Rc7 Kf6 30. Bb1 h6 31. Be4 Ne5
32. b3 Nd7 33. Ke3 Nb6 34. Ra7 Nd7 35. Rc7 Nb6 36. f4 Nd5+ 37. Bxd5 Rxd5 38.
Ra7 Rd6 39. g4 g5 40. b4 Rc6 41. fxg5+ hxg5 42. Kd4 Rc4+ 43. Kd3 Rc6 44. Kd4
Rc4+ 45. Kd3 {Game drawn by mutual agreement} 1/2-1/2

[Event "Dos Hermanas Internet Tournament:  final knockout stage"]
[Site "Internet Chess Club"]
[Date "2002.03.22"]
[Round "2b"]
[White "Reiko"]
[Black "Tripy"]
[Result "1-0"]
[ICCResult "Black resigns"]
[WhiteElo "3188"]
[BlackElo "2792"]
[Opening "Inverted Hanham"]
[ECO "C44"]
[NIC "KP.07"]
[Time "16:52:51"]
[TimeControl "480+2"]

1. e4 e5 2. Nf3 Nc6 3. d3 Nf6 4. Be2 d5 5. Nbd2 Bc5 6. O-O O-O 7. c3 a5 8.
b3 Qe7 9. a3 Rd8 10. Qc2 Ba7 11. Rb1 h6 12. b4 axb4 13. axb4 d4 14. b5 dxc3
15. bxc6 cxd2 16. Bb2 Bb6 17. Nxe5 Ra2 18. Nc4 Bd4 19. Qb3 Rxb2 20. Nxb2
bxc6 21. Qc2 Bg4 22. Bxg4 Nxg4 23. h3 Nxf2 24. Rxf2 Bxf2+ 25. Kxf2 Qh4+ 26.
Kf1 Qf4+ 27. Kg1 Qe3+ 28. Kh2 Rd6 29. Rd1 Rg6 30. Qxd2 Qg3+ 31. Kh1 Rf6 32.
Kg1 Rg6 33. Nc4 Qxh3 34. Ne5 Rg3 35. Nxc6 Qd7 36. Qf2 Rg5 37. Nd4 Qg4 38.
Rf1 Qd7 39. Nf3 Ra5 40. d4 Qe6 41. Qe3 Ra2 42. Ne5 f6 43. Ng6 Qf7 44. Nf4
Qc4 45. e5 fxe5 46. dxe5 Rb2 47. e6 Rb3 48. Qe5 Rb5 49. Qe3 Rb3 50. Qd2 Qc5+
51. Kh1 Rb8 52. Qd7 Qc4 53. Qf7+ Kh7 54. Rd1 Qe4 55. e7 c5 56. Qg6+ Qxg6 57.
Nxg6 Kxg6 58. Rd8 Rb1+ 59. Kh2 Re1 60. e8=Q+ Rxe8 61. Rxe8 Kf6 62. Rc8
{Black resigns}
1-0

[Event "Dos Hermanas Internet Tournament:  final knockout stage"]
[Site "Internet Chess Club"]
[Date "2002.03.22"]
[Round "2c"]
[White "Reiko"]
[Black "Tripy"]
[Result "1-0"]
[ICCResult "Black resigns"]
[WhiteElo "3188"]
[BlackElo "2792"]
[Opening "King's pawn game"]
[ECO "C44"]
[NIC "KP.07"]
[Time "17:14:09"]
[TimeControl "300+0"]

1. e4 e5 2. Nf3 Nc6 3. d3 Nf6 4. Be2 Be7 5. O-O d6 6. c3 O-O 7. Nbd2 Kh8 8.
d4 Ng8 9. Re1 Bf6 10. Nf1 g6 11. Be3 Bg7 12. Qb3 h6 13. Rad1 Qe8 14. Ng3 Rb8
15. d5 Na5 16. Qa3 b6 17. b4 Nb7 18. Qxa7 Bd7 19. Ba6 Qc8 20. a4 f5 21. exf5
gxf5 22. Nh4 Kh7 23. a5 bxa5 24. bxa5 f4 25. Bd3+ Bf5 26. Ngxf5 {Black
resigns} 1-0

[Event "Dos Hermanas Internet Tournament:  final knockout stage"]
[Site "Internet Chess Club"]
[Date "2002.03.22"]
[Round "2c"]
[White "Igrok"]
[Black "Adla"]
[Result "0-1"]
[ICCResult "White resigns"]
[WhiteElo "2958"]
[BlackElo "2651"]
[Opening "QGA: 3.e4"]
[ECO "D20"]
[NIC "QG.04"]
[Time "17:13:58"]
[TimeControl "300+0"]

1. d4 d5 2. c4 dxc4 3. e4 Nf6 4. e5 Nd5 5. Bxc4 Nb6 6. Bd3 Nc6 7. Be3 Nb4 8.
Be4 f5 9. exf6 exf6 10. a3 f5 11. axb4 fxe4 12. Qh5+ g6 13. Qe5+ Kf7 14. Nc3
Bxb4 15. Bg5 Qe8 16. Qxc7+ Qd7 17. Qg3 Qg4 18. Ne2 Bd7 19. O-O Rhe8 20. d5
Qxg3 21. fxg3+ Kg8 22. Bh6 Nc4 23. Rf4 Bc5+ 24. Kh1 Nd6 25. Rff1 a5 26. h3
b5 27. g4 a4 28. Nd1 Nc4 29. Rc1 Rac8 30. Nec3 Bd6 31. Ne2 b4 32. Nd4 Be5
33. Nc6 Bxc6 34. Rxc4 Bxd5 35. Rxb4 Bc6 36. Ne3 Rb8 37. Rxb8 Rxb8 38. g5
Bxb2 39. Nc4 Bb5 40. Nxb2 Bxf1 41. Nxa4 e3 42. Nc3 e2 43. Nxe2 Bxe2
{White resigns}
0-1

[Event "Dos Hermanas Internet Tournament:  final knockout stage"]
[Site "Internet Chess Club"]
[Date "2002.03.22"]
[Round "2c"]
[White "Digo"]
[Black "D-Fridman"]
[Result "0-1"]
[ICCResult "White forfeits on time"]
[WhiteElo "2963"]
[BlackElo "3005"]
[Opening "QGD Slav: 4.e3 Bf5"]
[ECO "D12"]
[NIC "SL.01"]
[Time "17:14:07"]
[TimeControl "300+0"]

1. d4 d5 2. c4 c6 3. Nf3 Nf6 4. e3 Bf5 5. Nc3 e6 6. Bd3 Bxd3 7. Qxd3 Nbd7 8.
O-O Bb4 9. Bd2 Qe7 10. Ne2 Bxd2 11. Nxd2 O-O 12. Ng3 g6 13. b3 e5 14. cxd5
Nxd5 15. Qc4 Rad8 16. Rad1 N7b6 17. Qc2 exd4 18. exd4 Nf4 19. Rfe1 Qf6 20.
Nde4 Qg7 21. Nc5 f5 22. Qd2 Nbd5 23. Nf1 b6 24. Ne6 Nxe6 25. Rxe6 Qd7 26.
Rde1 Rfe8 27. R6e5 Nc7 28. Qe3 Kf7 29. Qh6 Kg8 30. h4 Ne6 31. h5 Nf8 32.
hxg6 hxg6 33. Nh2 c5 34. dxc5 bxc5 35. Nf3 Rxe5 36. Nxe5 Qd2 37. Re3 Qc1+
38. Kh2 Rd1 39. Qg5 Rh1+ 40. Kg3 Rh5 41. Qf6 f4+ 42. Qxf4 Rf5 43. Qc4+ Qxc4
44. Nxc4 Rf7 45. Re5 Rc7 46. f3 Kf7 47. Kf2 Ne6 48. Rd5 Ke7 49. Ne5 g5 50.
Nc4 Rb7 51. Re5 Kf6 52. g3 a5 53. Rd5 a4 54. Nd6 Rb4 55. Ne4+ Kg6 56. Re5
Kf7 57. bxa4 Rxa4 58. Nxg5+ Nxg5 59. Rxg5 Rxa2+ 60. Ke3 Ra3+ 61. Ke4 c4 62.
Rc5 c3 63. g4 Kf6 64. Rc6+ Kg5 65. Rc5+ Kh4 66. Rc4 Kg5 67. Ke5 Kh4 68. Kf4
Kh3 69. g5 Kh4 70. g6 Kh5 71. g7 Ra8 72. Rxc3 Rg8 73. Rc7 Kg6 74. Ke5 Kh6
75. f4 Kg6 76. Ke6 Re8+ 77. Kd5 Rg8 {White forfeits on time} 0-1

[Event "Dos Hermanas Internet Tournament:  final knockout stage"]
[Site "Internet Chess Club"]
[Date "2002.03.23"]
[Round "3a"]
[White "Olegas"]
[Black "A-Rustemov"]
[Result "1-0"]
[ICCResult "Black resigns"]
[WhiteElo "2612"]
[BlackElo "3138"]
[Opening "QGA: classical, 6...a6"]
[ECO "D27"]
[NIC "QG.07"]
[Time "12:00:31"]
[TimeControl "480+2"]

1. Nf3 d5 2. d4 Nf6 3. c4 dxc4 4. e3 e6 5. Bxc4 c5 6. O-O a6 7. dxc5 Qxd1 8.
Rxd1 Bxc5 9. Be2 b6 10. Nbd2 Bb7 11. b3 Nbd7 12. Bb2 Ke7 13. Rac1 Rhc8 14.
Nc4 Bd5 15. Nce5 Nxe5 16. Nxe5 Bd6 17. f3 Bb7 18. Nc4 Bc5 19. b4 Bxb4 20.
Nxb6 Rxc1 21. Rxc1 Rb8 22. Be5 Bd6 23. Bxd6+ Kxd6 24. e4 Rd8 25. Nc4+ Ke7
26. Na5 Rc8 27. Rd1 Rc2 28. Bd3 Rb2 29. Nxb7 Rxb7 30. Bxa6 Rb2 31. Ra1 Nd7
32. a4 Nc5 33. Bc4 Rc2 34. Bb5 Rb2 35. e5 f6 36. Rc1 Nb3 37. Rc7+ Kf8 38.
exf6 gxf6 39. Rxh7 Nd4 40. Bf1 Nf5 41. a5 Ra2 42. a6 Ne3 43. a7 Ra1 44.
a8=Q+ {Black resigns} 1-0

[Event "Dos Hermanas Internet Tournament:  final knockout stage"]
[Site "Internet Chess Club"]
[Date "2002.03.23"]
[Round "3a"]
[White "Reiko"]
[Black "Crest"]
[Result "1/2-1/2"]
[ICCResult "Game drawn by mutual agreement"]
[WhiteElo "3184"]
[BlackElo "3108"]
[Opening "Sicilian: Najdorf, 6.f4"]
[ECO "B93"]
[NIC "SI.12"]
[Time "12:00:36"]
[TimeControl "480+2"]

1. e4 c5 2. Nf3 d6 3. Nc3 Nf6 4. d4 cxd4 5. Nxd4 a6 6. f4 e6 7. Bd3 Nbd7 8.
O-O b5 9. a3 Bb7 10. Kh1 Be7 11. Qe1 Nc5 12. b4 Nxd3 13. cxd3 O-O 14. Be3
Rc8 15. Nce2 Nd7 16. Qg3 Bf6 17. Rac1 Qe7 18. Qh3 g6 19. f5 exf5 20. exf5
Rxc1 21. Bxc1 Rc8 22. fxg6 hxg6 23. Bf4 Ne5 24. Qg3 Bg7 25. Bg5 Qd7 26. h3
Re8 27. Bf6 Bxf6 28. Rxf6 Qe7 29. Rf2 Kh7 30. Kh2 Rc8 31. Rf4 g5 32. Rf5 f6
33. Nf4 Rg8 34. Nfe2 Ng6 35. Rf2 Qe5 36. Nf5 Rd8 37. Ne3 Rf8 38. d4 Qxg3+
39. Nxg3 Nf4 40. Ngf5 Rd8 41. g3 Nd3 42. Rc2 Rd7 43. d5 Kg6 44. Rc3 Ne5 45.
g4 Kf7 46. Kg3 Kg6 47. h4 gxh4+ 48. Nxh4+ Kg5 49. Rc1 Rh7 50. Nhg2 Nc4 51.
Nxc4 bxc4 52. Nf4 f5 53. Rxc4 fxg4 54. a4 Re7 55. Ne6+ Kf5 56. Rc7 Kf6 57.
Rxe7 Kxe7 58. Kxg4 Bxd5 59. Nd4 {Game drawn by mutual agreement} 1/2-1/2

[Event "Dos Hermanas Internet Tournament:  final knockout stage"]
[Site "Internet Chess Club"]
[Date "2002.03.23"]
[Round "3a"]
[White "Adla"]
[Black "A123"]
[Result "1/2-1/2"]
[ICCResult "Game drawn by repetition"]
[WhiteElo "2665"]
[BlackElo "3071"]
[Opening "Saragossa opening"]
[ECO "A00"]
[NIC "VO.12"]
[Time "12:05:19"]
[TimeControl "480+2"]

1. c3 e5 2. d3 d5 3. g3 Bd6 4. Bg2 Ne7 5. Nd2 O-O 6. e4 c6 7. Ngf3 Bg4 8. h3
Bh5 9. O-O Nd7 10. Qc2 Qc7 11. Re1 f5 12. exf5 Bxf3 13. Nxf3 Nxf5 14. Bd2
Rae8 15. Re2 Qb6 16. Kh2 e4 17. dxe4 Rxe4 18. Rae1 Rxe2 19. Rxe2 Qa6 20. Bg5
Qxa2 21. Nd4 Nxd4 22. cxd4 Qc4 23. Qxc4 dxc4 24. d5 c5 25. Re6 Be5 26. d6
Rxf2 27. Re8+ Kf7 28. Re7+ Kg6 29. Be3 Rxb2 30. Rxd7 Re2 31. Bxc5 c3 32. Ba3
c2 33. Re7 Kf6 34. Bc1 Re1 35. Bg5+ Kxg5 36. Rxe5+ Rxe5 37. d7 c1=Q 38.
d8=Q+ Kf5 39. Qf8+ Ke6 40. Qe8+ Kf6 41. Qf8+ Ke6 42. Qe8+ Kd6 43. Qd8+ Ke6
44. Qe8+ Kf6 45. Qf8+ Ke6 46. Qe8+ {Game drawn by repetition} 1/2-1/2

[Event "Dos Hermanas Internet Tournament:  final knockout stage"]
[Site "Internet Chess Club"]
[Date "2002.03.23"]
[Round "3b"]
[White "Crest"]
[Black "Reiko"]
[Result "1/2-1/2"]
[ICCResult "Game drawn by mutual agreement"]
[WhiteElo "3111"]
[BlackElo "3181"]
[Opening "King's Indian: Gligoric-Taimanov system"]
[ECO "E92"]
[NIC "KI.18"]
[Time "12:23:47"]
[TimeControl "480+2"]

1. d4 g6 2. c4 Bg7 3. e4 d6 4. Nc3 Nf6 5. Nf3 O-O 6. Be2 e5 7. Be3 Na6 8.
O-O Ng4 9. Bg5 Qe8 10. dxe5 dxe5 11. Nd2 Nh6 12. a3 f6 13. Be3 f5 14. f3 Be6
15. c5 Rd8 16. Qc2 f4 17. Bf2 g5 18. Bc4 g4 19. Rfd1 Bxc4 20. Nxc4 gxf3 21.
gxf3 Qh5 22. Rxd8 Rxd8 23. Rd1 Re8 24. Nd2 Kh8 25. c6 Qg6+ 26. Kh1 Qxc6 27.
b4 Qe6 28. b5 Nb8 29. Nd5 Rc8 30. Qb3 b6 31. Nb4 Qxb3 32. Nxb3 Bf8 33. Nd3
Nf7 34. Bh4 a6 35. a4 axb5 36. axb5 c5 37. Nd2 c4 38. Nxc4 Rxc4 39. Bf6+ Bg7
40. Nxe5 Bxf6 41. Nxc4 Ne5 42. Nxb6 Nxf3 43. Rf1 Nd2 44. Rxf4 Kg7 45. Nd5
Be5 46. Rf5 Nd7 47. Nb6 Nxb6 48. Rxe5 Kf6 49. Rc5 Ndc4 50. Kg2 Ne5 51. Kg3
Ke6 52. Rc7 Nbd7 53. Kh4 Kd6 54. Rc1 Nc5 55. Rd1+ Ke6 56. b6 Ned7 57. Rb1
Kd6 58. Rb4 Kc6 59. Kg5 Nxb6 60. Kh6 Nbd7 61. h4 Nf6 62. e5 Nfd7 63. Kxh7
Nxe5 64. Kg7 Kd6 65. h5 Ke7 66. h6 Ne6+ 67. Kg8 Ng5 68. Rb7+ Kf6 69. h7 Nxh7
70. Kxh7 Nf7 71. Rb6+ Kf5 72. Kg7 Ne5 73. Ra6 Nf3 74. Kf7 Ne5+ 75. Ke7 Nf3
76. Kd6 Ke4 77. Ra4+ Ke3 78. Kd5 Nd2 79. Ra8 Nf3 80. Re8+ Kf4 81. Re4+ Kf5
82. Re3 Kf4 83. Re2 Kf5 84. Re3 Kf4 85. Re8 Nd2 86. Re7 Nf3 87. Re4+ Kf5 88.
Ra4 Ng5 89. Ra8 Ne6 90. Ra5 Ng5 91. Kd4+ Kf4 92. Ra8 Nf3+ 93. Kd3 Ne5+ 94.
Kd4 Nf3+ 95. Kd5 Ke3 96. Re8+ Kf4 97. Re7 Ng5 {Game drawn by mutual
agreement} 1/2-1/2

[Event "Dos Hermanas Internet Tournament:  final knockout stage"]
[Site "Internet Chess Club"]
[Date "2002.03.23"]
[Round "3b"]
[White "A-Rustemov"]
[Black "Olegas"]
[Result "1-0"]
[ICCResult "Black forfeits on time"]
[WhiteElo "3139"]
[BlackElo "2611"]
[Opening "QGD: 4.Nf3"]
[ECO "D37"]
[NIC "QP.08"]
[Time "12:22:14"]
[TimeControl "480+2"]

1. d4 d5 2. c4 e6 3. Nf3 Nf6 4. Nc3 Be7 5. g3 O-O 6. Bg2 dxc4 7. Ne5 Nc6 8.
Bxc6 bxc6 9. Nxc6 Qe8 10. Nxe7+ Qxe7 11. Qa4 c5 12. Qxc4 cxd4 13. Qxd4 e5
14. Qh4 Rb8 15. O-O Rb4 16. e4 Bb7 17. a3 Rb3 18. Rd1 Bc6 19. Bg5 Rxb2 20.
Rac1 Rb3 21. Nd5 Bxd5 22. exd5 Rxa3 23. d6 Qd8 24. d7 Qb6 25. d8=Q Rxd8 26.
Rxd8+ Qxd8 27. Bxf6 gxf6 28. Qg4+ Kh8 29. Rc8 Qxc8 30. Qxc8+ Kg7 31. Qg4+
Kh8 32. h4 h6 33. Kg2 Rc3 34. Qd7 Kg7 35. Qxa7 Rc4 36. Qd7 Rb4 37. Kf3 Rc4
38. Ke3 Rb4 39. Qf5 Rc4 40. Kd3 Rb4 41. Kc3 Ra4 42. Kb3 Rd4 43. Qf3 Kg6 44.
Qe2 Kg7 45. Qh5 Re4 46. Kc3 Ra4 47. g4 Rf4 48. g5 hxg5 49. hxg5 Rxf2 50.
Qh6+ Kg8 51. g6 fxg6 52. Qxg6+ Kf8 53. Kc4 Ke7 54. Qg7+ Ke6 55. Qg4+ Ke7 56.
Qg7+ Ke6 57. Qg8+ Ke7 58. Qh7+ Ke6 59. Qh3+ Ke7 60. Qd3 Rf4+ 61. Kc5 Rd4 62.
Qh7+ Ke6 63. Qg6 Ke7 64. Qf5 Rf4 65. Qh7+ Ke6 66. Qg8+ Ke7 67. Kc6 Rd4 68.
Qg7+ Ke6 69. Qg6 Rc4+ 70. Kb5 Rd4 71. Kc5 Ke7 72. Qg8 Rd2 73. Qh7+ Ke6 74.
Qh3+ Ke7 75. Qc3 Rd4 76. Kc6 Rd6+ 77. Kc5 Rd4 78. Qh3 Kf7 79. Qh7+ Ke6 80.
Qg8+ Ke7 81. Qb3 Rd2 82. Qa3 Ke6 83. Qa6+ Ke7 84. Qb7+ Ke6 85. Qb3+ Ke7 86.
Qc3 Rd4 87. Qg3 Ke6 88. Qh3+ Ke7 89. Qf5 Kf7 90. Kc6 Ke7 91. Qh7+ Ke6 92.
Qg8+ Ke7 93. Kc7 Rd7+ 94. Kc8 Rd4 95. Qb3 Rd8+ 96. Kc7 Rd7+ 97. Kc6 Rd6+ 98.
Kc5 Rd4 99. Qb7+ Ke6 100. Qc8+ Ke7 101. Qg8 Rd2 102. Qg7+ Ke6 103. Qg4+ Ke7
104. Qc4 Rd4 105. Qa6 Rd2 106. Qa3 Ke6 107. Qb3+ Ke7 108. Qc3 Rd4 109. Qh3
Kf7 110. Qh7+ Ke6 111. Qg7 Rd2 112. Kc4 Rd4+ 113. Kc3 Rd6 114. Qg8+ Ke7 115.
Kc2 Rd4 116. Qg7+ Ke6 117. Qf8 Kf5 118. Qf7 Kg5 119. Kc3 Kf5 120. Kb3 Kg5
121. Qe6 Kg6 122. Kc3 Kg5 123. Qf7 Kf5 124. Qg8 Rd6 125. Kc4 Rd4+ 126. Kc5
Rf4 127. Kd6 Rd4+ 128. Ke7 Rf4 129. Qh7+ Kg4 130. Ke6 Kg5 131. Qh3 Kg6 132.
Qg3+ Kh5 133. Kf7 Rf5 134. Qg6+ Kh4 135. Qxf5 {Black forfeits on time} 1-0

[Event "Dos Hermanas Internet Tournament:  final knockout stage"]
[Site "Internet Chess Club"]
[Date "2002.03.23"]
[Round "3c"]
[White "A-Rustemov"]
[Black "Olegas"]
[Result "1-0"]
[ICCResult "Black forfeits on time"]
[WhiteElo "3139"]
[BlackElo "2611"]
[Opening "Catalan: closed, Qc2 & b3"]
[ECO "E08"]
[NIC "CA.04"]
[Time "12:54:13"]
[TimeControl "300+0"]

1. d4 d5 2. Nf3 Nf6 3. c4 e6 4. g3 Be7 5. Bg2 O-O 6. O-O Nbd7 7. Qc2 c6 8.
b3 b6 9. Rd1 Bb7 10. Nc3 Ba6 11. Nd2 b5 12. e4 dxc4 13. bxc4 bxc4 14. Na4 c5
15. d5 exd5 16. exd5 Ng4 17. Nxc4 Bf6 18. Rb1 Bd4 19. Ne3 Qg5 20. Nxg4 Qxg4
21. Bb2 Rac8 22. h3 Qh5 23. Qd2 Bb5 24. Nc3 Bc4 25. Rbc1 Rfe8 26. Ne4 Bxd5
27. Bxd4 Bxe4 28. Bxg7 Bxg2 29. Kxg2 Ne5 30. Bxe5 Rxe5 31. Qd7 Rce8 32. Rxc5
Qxd1 33. Qxd1 Rxc5 34. Qd7 Rcc8 35. Qxa7 Ra8 36. Qd7 Re4 37. Qd5 Rea4 38.
Qg5+ Kf8 39. h4 Rxa2 40. h5 R2a6 41. Qe5 Kg8 42. g4 h6 43. Qf4 Re6 44. f3
Rae8 45. Kg3 Kg7 46. Qd4+ Kg8 47. Qd2 Kg7 48. Qb2+ Kg8 49. Qd4 Kh7 50. Qd7
Kg8 51. Qd5 R6e7 52. g5 Re5 53. Qd7 Rxg5+ 54. Kf2 Rge5 55. Qg4+ Rg5 56. Qd4
Rge5 57. Qd7 R5e7 58. Qg4+ Kh7 59. Qd4 Re2+ 60. Kg3 R2e6 61. Qd3+
{Black forfeits on time}
1-0

[Event "Dos Hermanas Internet Tournament:  final knockout stage"]
[Site "Internet Chess Club"]
[Date "2002.03.23"]
[Round "3c"]
[White "Crest"]
[Black "Reiko"]
[Result "0-1"]
[ICCResult "White checkmated"]
[WhiteElo "3111"]
[BlackElo "3181"]
[Opening "King's Indian: Gligoric-Taimanov system"]
[ECO "E92"]
[NIC "KI.18"]
[Time "12:54:26"]
[TimeControl "300+0"]

1. d4 g6 2. c4 Bg7 3. e4 d6 4. Nc3 Nf6 5. Nf3 O-O 6. Be2 e5 7. Be3 Na6 8.
O-O Ng4 9. Bg5 Qe8 10. dxe5 h6 11. Bh4 dxe5 12. Nd2 Nf6 13. Nd5 g5 14. Bg3
c6 15. Ne3 Qe7 16. a3 Rd8 17. Qc2 Nc7 18. Rfe1 h5 19. f3 h4 20. Bf2 Nh5 21.
Nf5 Qf6 22. g3 hxg3 23. hxg3 Bf8 24. Kg2 Ng7 25. Ne3 Qg6 26. Rad1 Nce6 27.
Nb3 Nd4 28. Nxd4 exd4 29. Ng4 Bxg4 30. fxg4 Ne6 31. Rh1 Bg7 32. c5 b6 33. b4
bxc5 34. bxc5 Qf6 35. Bc4 Nxc5 36. Bxf7+ Qxf7 37. Qxc5 Qe6 38. Qf5 Qxf5 39.
gxf5 c5 40. Rh5 Bf6 41. Rh6 Kg7 42. Rdh1 Rh8 43. Rxh8 Rxh8 44. Rb1 Rc8 45.
Rb7+ Kg8 46. Rd7 Rd8 47. Rxd8+ Bxd8 48. e5 g4 49. Kf1 Bc7 50. e6 Be5 51. Ke2
c4 52. Be1 Kg7 53. a4 Kf6 54. Ba5 Bxg3 55. Bd8+ Kg7 56. f6+ Kg6 57. f7 d3+
58. Kd2 Bd6 59. Bh4 Bb4+ 60. Ke3 Kg7 61. a5 a6 62. Bg3 Kf6 63. Be1 Bc5+ 64.
Ke4 Kxe6 65. Bc3 Kxf7 66. Kf4 Ke6 67. Kxg4 Kd5 68. Kf3 Bd4 69. Bd2 c3 70.
Bxc3 Bxc3 71. Ke3 Kc4 72. Ke4 Bxa5 73. Kf5 d2 74. Ke6 d1=Q 75. Kf7 Qd5+ 76.
Kg7 Bc3+ 77. Kg6 Qe6+ 78. Kg5 Bd2+ 79. Kh4 Qh6+ 80. Kg3 Qg5+ 81. Kf3 Qf4+
82. Ke2 Be3 83. Kd1 Qf1+ 84. Kc2 Qc1# {White checkmated} 0-1

[Event "Dos Hermanas Internet Tournament:  final knockout stage"]
[Site "Internet Chess Club"]
[Date "2002.03.23"]
[Round "4b"]
[White "Azmaiparashvili"]
[Black "Reiko"]
[Result "0-1"]
[ICCResult "White resigns"]
[WhiteElo "3052"]
[BlackElo "3187"]
[Opening "King's Indian: Sämisch, 5...O-O"]
[ECO "E81"]
[NIC "KI.47"]
[Time "13:49:37"]
[TimeControl "480+2"]

1. d4 g6 2. c4 Bg7 3. e4 d6 4. Nc3 Nf6 5. f3 O-O 6. Be3 a6 7. Qd2 Nbd7 8.
O-O-O c6 9. h4 b5 10. Bh6 Bxh6 11. Qxh6 Qa5 12. h5 b4 13. Nb1 Qxa2 14. Rd2
Nb6 15. Rc2 Be6 16. hxg6 fxg6 17. e5 dxe5 18. dxe5 Bf5 19. exf6 Rf7 20. Qe3
b3 21. fxe7 bxc2 22. Nc3 Qa1+ {White resigns} 0-1

[Event "Dos Hermanas Internet Tournament:  final knockout stage"]
[Site "Internet Chess Club"]
[Date "2002.03.23"]
[Round "5a"]
[White "Reiko"]
[Black "A-Rustemov"]
[Result "1/2-1/2"]
[ICCResult "Game drawn by mutual agreement"]
[WhiteElo "3185"]
[BlackElo "3135"]
[Opening "French: Winawer, advance, positional main line"]
[ECO "C19"]
[NIC "FR.12"]
[Time "14:32:56"]
[TimeControl "480+2"]

1. e4 e6 2. d4 d5 3. Nc3 Bb4 4. e5 c5 5. a3 Bxc3+ 6. bxc3 Ne7 7. Nf3 b6 8.
Bb5+ Bd7 9. Bd3 Ba4 10. dxc5 bxc5 11. O-O Nd7 12. Re1 h6 13. c4 dxc4 14.
Bxc4 Nb6 15. Bd3 Qc7 16. Qe2 Bc6 17. c4 O-O 18. Bf4 Rad8 19. Rad1 Rd7 20.
Bb1 Rfd8 21. Rxd7 Nxd7 22. Qe3 Bb7 23. h4 Nf8 24. h5 Rd7 25. Nd2 Rd4 26. Bg3
Qc6 27. f3 Nf5 28. Bxf5 exf5 29. Nb3 Rd8 30. Qxc5 Rd3 31. Qxc6 Bxc6 32. Rb1
Ne6 33. Bf2 a6 34. Nc5 Rxa3 35. Nxe6 fxe6 36. Rb6 Be8 37. Rxe6 Ra1+ 38. Kh2
Bxh5 39. Re7 Rc1 40. Ra7 Rxc4 41. e6 Rc6 42. Bd4 Rxe6 43. Rxg7+ Kf8 44. Ra7
Bf7 45. Kg3 Rc6 46. Kf4 Rg6 47. g4 fxg4 48. fxg4 Be6 49. Rxa6 Ke7 50. Bc5+
Kf7 51. Ra7+ Kg8 52. Ra8+ {Game drawn by mutual agreement} 1/2-1/2